 Dungeon Crawl Stone Soup version 0.31-a0-654-gbe3e110b4e (webtiles) character file.

Game seed: 7150681012479999327

47558 DrMo the Fighter (level 14, -7/130 HPs)
             Began as a Green Draconian Monk on Aug 29, 2023.
             Was a High Priest of Cheibriados.
             Mangled by a catoblepas (17 damage)
             ... on level 5 of the Lair of Beasts.
             The game lasted 00:30:01 (18468 turns).

DrMo the Fighter (Green Draconian Monk)            Turns: 18468, Time: 00:30:01

Health: -7/130     AC: 12    Str: 39    XL:     14   Next: 9%
Magic:  15/24      EV: 25    Int: 26    God:    Cheibriados [*****.]
Gold:   1693       SH:  0    Dex: 31    Spells: 13/13 levels left

rFire   . .          .
                       - Unarmed
rCold   . . .        (no shield)
rNeg    . . .        (body armour unavailable)
rPois   +            (helmet restricted)
rElec   .            h - +1 cloak
rCorr   +            f - +0 pair of gloves
SInv    .            n - +0 pair of boots of the Demon Prince {Drain Will+ Str+3 Int+2}
Will    ++...        D - amulet of regeneration
Stlth   ++           i - ring of resist corrosion
HPRegen 1.21/turn    r - +6 ring of strength
MPRegen 0.19/turn

%: no passive effects
@: very slow
A: breathe noxious fumes, AC +8, unfitting armour, stinger 1, poison resistance,
cold-blooded
a: Breathe Noxious Fumes, Renounce Religion, Bend Time, Temporal Distortion,
Slouch, Step From Time


You were on level 5 of the Lair of Beasts.
You worshipped Cheibriados.
Cheibriados was extremely pleased with you.
You visited 2 branches of the dungeon, and saw 15 of its levels.
You also visited: Ice Cave.

You collected 1693 gold pieces.

Inventory:

Hand Weapons
 c - a +0 dagger of venom
 t - a +2 broad axe of venom
 y - a +1 demon whip of venom
Armour
 b - an orb of light
 f - a +0 pair of gloves (worn)
 h - a +1 cloak (worn)
 n - the +0 pair of boots of the Demon Prince (worn) {Drain Will+ Str+3 Int+2}
   (You found it on level 3 of the Dungeon)

   Str+3:     It affects your strength (+3).
   Int+2:     It affects your intelligence (+2).
   Will+:     It increases your willpower.
   Drain:     It drains your maximum health when unequipped.
Jewellery
 g - a ring of ice
 i - a ring of resist corrosion (left hand)
 r - a +6 ring of strength (right hand)
 z - a ring of see invisible
 D - an amulet of regeneration (around neck)
 E - a ring of flight
 I - the ring "Baawihom" {Fire Will- Str+2 Int+8}
   (You found it on level 1 of the Lair of Beasts)

   [ring of fire]

   Fire:      It enhances your fire magic.
   Str+2:     It affects your strength (+2).
   Int+8:     It affects your intelligence (+8).
   rF+:       It protects you from fire.
   rC-:       It makes you vulnerable to cold.
   Will-:     It decreases your willpower.
 L - an amulet of faith
Wands
 l - a wand of roots (26)
 o - a wand of quicksilver (11)
 s - a wand of paralysis (22)
 v - a wand of flame (19)
 C - a wand of digging (2)
Scrolls
 j - 3 scrolls of teleportation
 k - 2 scrolls of revelation
 m - 2 scrolls of noise
 q - 4 scrolls of enchant weapon
 w - a scroll of vulnerability
 B - a scroll of butterflies
 F - a scroll of amnesia
 J - a scroll of enchant armour
 M - a scroll of fear {unknown}
Potions
 a - 2 potions of ambrosia
 d - 2 potions of enlightenment
 e - 3 potions of curing
 p - a potion of cancellation
 u - a potion of magic
 x - a potion of attraction
 A - a potion of lignification
 G - a potion of mutation
 H - a potion of berserk rage {unknown}
 K - a potion of might {unknown}


   Skills:
 + Level 13.8 Fighting
 + Level 11.7 Dodging
 + Level 12.7 Unarmed Combat
 + Level 13.3 Invocations
 + Level 4.3 Evocations


You had 13 spell levels left.
You didn't know any spells.
Your spell library contained the following spells:

 Spells                   Type           Power      Damage    Failure   Level
 Magic Dart               Conj           0%         1d3       13%         1
 Ensorcelled Hibernation  Hex/Ice        0%         N/A       19%         2
 Lesser Beckoning         Tloc           0%         N/A       19%         2
 Scorch                   Fire           0%         2d5       19%         2
 Searing Ray              Conj           0%         2d4       19%         2
 Gell's Gravitas          Tloc           0%         N/A       36%         3
 Hailstorm                Conj/Ice       0%         3d3       36%         3
 Teleport Other           Tloc           0%         N/A       36%         3
 Anguish                  Hex/Necr       0%         N/A       77%         4
 Flame Wave               Conj/Fire      0%         2d4       77%         4
 Fulminant Prism          Conj/Hex       0%         3d5       77%         4
 Leda's Liquefaction      Hex/Erth       0%         N/A       77%         4
 Summon Ice Beast         Ice/Summ       0%         N/A       77%         4
 Lee's Rapid Deconstruct  Erth           0%         3d4*      98%         5
 Leda's Unmaking          Conj/Erth      0%         9d1       100%        6
 Simulacrum               Ice/Necr       0%         N/A       100%        6
 Summon Cactus Giant      Summ           0%         N/A       100%        6


Dungeon Overview and Level Annotations

Branches:
Dungeon (10/15)            Temple (0/1) D:7            Lair (5/5) D:10
  Swamp (0/4) Lair:3        Snake (0/4) Lair:2        Slime (0/5) Lair:5
  IceCv (visited)
    Orc: D:9-12

Altars:
Ashenzari
Cheibriados
Dithmenos
Fedhas
Trog
Vehumet
Yredelemnul
Zin
The Shining One
Jiyva

Shops:
D:9 :

Annotations:
D:5 3 runed translucent doors, Age's ghost, novice MiFi; Darkkill's ghost, novice MiHu; Pokonic1's ghost, amateur DsVM; bronco's ghost, novice OpSh; zenocrate's ghost, novice OpSh
Lair:4 3 runed translucent doors, DocEon's ghost, journeyman GrGl


Innate Abilities, Weirdness & Mutations

You can breathe blasts of noxious fumes.
Your lurid green scales are hard. (AC +8)
You cannot fit into any form of body armour.
Your tail ends in a venomous barb.
Your system is resistant to poisons. (rPois)
You are cold-blooded and may be slowed by cold attacks.


Message History

Unknown command.
Unknown command.
Activating: Slouch (1% risk of failure)
Press: ? - help, Dir - look around, f - activate You can feel time thicken for a moment.
You kill the yak!
Cheibriados appreciates the change of pace.
You kill the yak!
Cheibriados appreciates the change of pace.
You kill the yak!
Cheibriados appreciates the change of pace.
Cheibriados lowers the support of your attributes as your movement quickens.
The catoblepas gores you!!
Unknown command.
You closely miss the yak.
Your tail-slap misses the yak.
The yak is almost dead.
The catoblepas gores you!!
* * * LOW HITPOINT WARNING * * *
The yak gores you but does no damage.
You pummel the yak!!
You kill the yak!
Cheibriados appreciates the change of pace.
The catoblepas gores you.
* * * LOW HITPOINT WARNING * * *
You hit the catoblepas.
The catoblepas is heavily wounded.
You hit the catoblepas but do no damage.
The catoblepas is heavily wounded.
The catoblepas breathes a plume of calcifying dust at you.
The blast of calcifying dust hits you but does no damage.
You completely miss the catoblepas.
Your tail-slap misses the catoblepas.
The catoblepas is heavily wounded.
You are engulfed in calcifying dust.
The catoblepas closely misses you. The catoblepas gores you!
* * * LOW HITPOINT WARNING * * *
The catoblepas gores you!
* * * LOW HITPOINT WARNING * * *
Okay, then.
You feel better. The catoblepas gores you!
You die...

.............?.).Y.#
.................Y§###
.....#.............§§# #
#.......#...........## ##
##......$....†.P....## .#
#.#..................# .#
#....P.††.#)#......## .##
#§§§§§§Y#.##...##.# ..##
##....@##.....#.### ...#
###.........##### ..##
###...........# ..##
###.#...........###
#..####.....)÷..........#
.....##.................#
.....###................##
..#......#...............##
.#†##)..#.#...............#


You could see a catoblepas.

Vanquished Creatures
  Nessos (Lair:4)
  An ice dragon (IceCv)
  3 hydras
  2 two-headed ogres
  Sonja (Lair:2)
  2 skysharks
  Amaemon (D:8)
  2 bog bodies (Lair:3)
  An orc knight (D:10)
  A cyclops (D:10)
  An orange demon (D:8)
  10 elephants
  2 ice statues (IceCv)
  6 black mambas
  11 cane toads
  Jeremiah (Lair:1)
  An unseen horror (D:10)
  Maggie (D:8)
  6 komodo dragons
  Psyche (D:8)
  7 rime drakes
  3 trolls (D:10)
  2 hornets (Lair:5)
  8 polar bears
  7 dream sheep
  15 blink frogs
  Sigmund (D:3)
  7 wyverns
  7 spriggans (Lair:5)
  52 yaks
  2 wraiths
  4 basilisks
  4 nagas (Lair:2)
  10 water moccasins
  2 ice beasts (D:8)
  2 sky beasts (D:7)
  A black bear (Lair:5)
  5 orc warriors
  4 ogres
  3 boggarts (Lair:5)
  11 wolves (Lair:5)
  6 centaurs
  3 kobold brigands
  20 bullfrogs
  2 scorpions (D:6)
  6 wights
  7 lindwurm simulacra (IceCv)
  9 killer bees
  A howler monkey (D:4)
  2 electric eels
  7 komodo dragon simulacra (IceCv)
  A hound (D:5)
  5 jellies
  6 orc priests
  2 sleepcaps
  Ijyb (D:3)
  7 iguanas
  11 orc wizards
  2 hell rats (Lair:4)
  Robin (D:3)
  5 gnolls
  3 acid dragon simulacra (IceCv)
  9 adders
  7 river rats (Lair:4)
  3 shadow imps
  A white imp (D:6)
  4 steam dragon simulacra (IceCv)
  A worm (D:4)
  A dart slug (D:3)
  27 orcs
  7 ball pythons
  9 endoplasms
  5 giant cockroaches
  10 goblins
  4 hobgoblins (D:3)
  10 jackals (D:2)
  18 kobolds
  A quokka (D:1)
  2 ball python zombies (D:3)
  4 bats
  3 frilled lizards
  15 rats
460 creatures vanquished.

Notes
Turn   | Place    | Note
-------+----------+-------------------------------------------
     0 | D:1      | DrMo the Draconian Monk began the quest for the Orb.
     0 | D:1      | Reached XP level 1. HP: 19/19 MP: 1/1
   207 | D:1      | Found a faded altar of an unknown god.
   292 | D:1      | Reached XP level 2. HP: 25/26 MP: 2/2
   323 | D:1      | Prayed at the altar of an unknown god.
   323 | D:1      | Became a worshipper of Cheibriados the Contemplative
   323 | D:1      | Reached * piety under Cheibriados
   323 | D:1      | Reached ** piety under Cheibriados
   416 | D:1      | Reached *** piety under Cheibriados
   827 | D:2      | Reached XP level 3. HP: 24/33 MP: 3/3
  1074 | D:2      | Found a blossoming altar of Fedhas.
  1397 | D:2      | Reached skill level 1 in Invocations
  1463 | D:2      | Reached XP level 4. HP: 40/40 MP: 4/4
  1519 | D:2      | Reached **** piety under Cheibriados
  2008 | D:3      | Noticed Sigmund
  2022 | D:3      | Killed Sigmund
  2023 | D:3      | Reached XP level 5. HP: 47/47 MP: 4/6
  2164 | D:3      | Found a glowing silver altar of Zin.
  2164 | D:3      | Noticed an angel
  2226 | D:3      | Noticed Robin
  2239 | D:3      | Killed Robin
  2240 | D:3      | Reached XP level 6. HP: 42/55 MP: 1/7
  2446 | D:3      | Noticed Ijyb
  2475 | D:3      | Killed Ijyb
  2735 | D:3      | Found a bloodstained altar of Trog.
  2735 | D:3      | Found a glowing golden altar of the Shining One.
  2751 | D:3      | Identified the +0 pair of boots of the Demon Prince {Drain
                  | Will+ Str+3 Int+2}
  3163 | D:3      | Found a basalt altar of Yredelemnul.
  3384 | D:4      | Reached skill level 5 in Fighting
  3949 | D:4      | Identified the +1 chain mail of the Arcane {MP+9}
  4170 | D:5      | Entered Level 5 of the Dungeon
  4241 | D:5      | Reached ***** piety under Cheibriados
  4244 | D:5      | Your scales start taking on a lurid green colour.
  4244 | D:5      | Reached XP level 7. HP: 42/61 MP: 9/9
  4244 | D:5      | Gained mutation: Your system is resistant to poisons.
                  | (rPois) [Green Draconian growth]
  4383 | D:5      | Found a runed translucent gate.
  4383 | D:5      | Found a runed translucent gate.
  4383 | D:5      | Found a runed translucent gate.
  4385 | D:5      | Noticed Age's ghost (novice MiFi)
  4385 | D:5      | Noticed Darkkill's ghost (novice MiHu)
  4385 | D:5      | Noticed bronco's ghost (novice OpSh)
  4385 | D:5      | Noticed Pokonic1's ghost (amateur DsVM)
  4386 | D:5      | Noticed zenocrate's ghost (novice OpSh)
  4508 | D:5      | Found a radiant altar of Vehumet.
  4522 | D:5      | Reached skill level 5 in Unarmed Combat
  4926 | D:6      | Reached skill level 5 in Dodging
  5040 | D:6      | Reached XP level 8. HP: 70/70 MP: 11/11
  5458 | D:6      | Reached skill level 5 in Invocations
  5665 | D:7      | Noticed a two-headed ogre
  5669 | D:7      | Killed a two-headed ogre
  5670 | D:7      | Reached XP level 9. HP: 79/79 MP: 11/13
  5689 | D:7      | Found a staircase to the Ecumenical Temple.
  6250 | D:8      | Noticed a two-headed ogre
  6259 | D:8      | Killed a two-headed ogre
  6286 | D:8      | Reached XP level 10. HP: 62/90 MP: 15/15
  6639 | D:8      | Noticed Maggie
  6647 | D:8      | Killed Maggie
  6695 | D:8      | Noticed Amaemon
  6713 | D:8      | Killed Amaemon
  7142 | D:8      | Noticed Psyche
  7148 | D:8      | Killed Psyche
  7177 | D:8      | Noticed an orange demon
  7188 | D:8      | Killed an orange demon
  7619 | D:9      | Found Xirr's Vocational Training.
  8344 | D:9      | Reached skill level 10 in Fighting
  8373 | D:9      | Found a shadowy altar of Dithmenos.
  8673 | D:10     | Entered Level 10 of the Dungeon
  8704 | D:10     | Reached XP level 11. HP: 93/99 MP: 17/17
  8787 | D:10     | Reached ****** piety under Cheibriados
  8943 | D:10     | Found a broken altar of Ashenzari.
  9237 | D:10     | Found a runed translucent door.
  9356 | D:10     | Noticed an orc knight
  9372 | D:10     | Killed an orc knight
  9575 | D:10     | Found a staircase to the Lair.
  9819 | Lair:1   | Entered Level 1 of the Lair of Beasts
  9859 | Lair:1   | Found a frozen archway.
  9865 | Lair:1   | Reached skill level 10 in Invocations
  9884 | IceCv    | Entered an ice cave
 10285 | IceCv    | Reached skill level 10 in Unarmed Combat
 11971 | IceCv    | Noticed an ice dragon
 11988 | IceCv    | Killed an ice dragon
 12358 | Lair:1   | Reached XP level 12. HP: 110/110 MP: 18/20
 12555 | Lair:1   | Noticed Jeremiah
 12575 | Lair:1   | Killed Jeremiah
 12864 | Lair:1   | Identified the ring "Baawihom" {Fire Will- Str+2 Int+8}
 13628 | Lair:2   | Reached skill level 10 in Dodging
 14177 | Lair:2   | Noticed Sonja
 14187 | Lair:2   | Killed Sonja
 14348 | Lair:2   | Found a staircase to the Snake Pit.
 15073 | Lair:3   | Found a staircase to the Swamp.
 15296 | Lair:3   | Reached XP level 13. HP: 96/119 MP: 22/22
 16290 | Lair:4   | Noticed Nessos
 16302 | Lair:4   | Reached skill level 1 in Evocations
 16333 | Lair:4   | Killed Nessos
 16671 | Lair:4   | Found a runed translucent gate.
 16671 | Lair:4   | Found a runed translucent gate.
 16672 | Lair:4   | Found a runed translucent gate.
 16677 | Lair:4   | Noticed DocEon's ghost (journeyman GrGl)
 16679 | Lair:4   | Noticed a minotaur
 17397 | Lair:5   | Entered Level 5 of the Lair of Beasts
 18197 | Lair:5   | Gained mutation: Your tail ends in a venomous barb. [Green
                  | Draconian growth]
 18197 | Lair:5   | Reached XP level 14. HP: 67/130 MP: 16/23
 18411 | Lair:5   | Found a staircase to the Slime Pits.
 18412 | Lair:5   | Found a viscous altar of Jiyva.
 18467 | Lair:5   | HP: 4/130 [catoblepas (8)]
 18468 | Lair:5   | Mangled by a catoblepas

Illustrated notes

Levels and vault maps discovered:
D:1:      minmay_arrival_radiant_lines, layout_loops_ring,
          shapermc_ecumenical_altar_notcrosses
D:2:      minmay_skewed_foursquare, layout_basic, basic_altar,
          nicolae_underground_beach
D:3:      layout_basic, lemuel_zombie_altar_yredelemnul,
          gammafunk_temple_overflow_wave, zin_angel, uniq_ijyb, uniq_sigmund,
          uniq_robin
D:4:      layout_basic, lightli_corner_chamber
D:5:      layout_rooms, mainiacjoe_overflow_small_starburst,
          gammafunk_ghost_cemetery, serial_park_tiny_1
D:6:      layout_loops_corners
D:7:      layout_cave_pools, minmay_temple_entry_glassed_door,
          kennysheep_small_square
D:8:      layout_loops_ring, minmay_bent, uniq_maggie, uniq_amaemon, uniq_psyche
D:9:      layout_basic, kennysheep_little_box, nicolae_shop_vocational
D:10:     minmay_slanted_spiral_squares, layout_loops_ring, ashenzari_altar_1,
          lair_entry_dummy, nicolae_eternal_life, lightli_church_of_beogh
Lair:1:   layout_cave_pods, portal_ice_cave_rime, gammafunk_lair_bear_cave,
          grunt_megastairs_5, serial_bayou_shore_b, uniq_jeremiah
Lair:2:   layout_cave_pods, minmay_snake_entry_guardpost_small,
          grunt_megastairs_1, uniq_sonja
Lair:3:   layout_long_grid, skrybe_swamp_entry_bodies, serial_bayou_lagoon_a
Lair:4:   layout_layer_cave, maelrawn_ghost_gauntlet_escape,
          kennysheep_abandoned_house, uniq_nessos
Lair:5:   minmay_lair_end_enchanted_forest, layout_cave_pods,
          nicolae_slime_entry_slimehenge, grunt_megastairs_2

Skill      XL: |  1  2  3  4  5  6  7  8  9 10 11 12 13 |
---------------+----------------------------------------+-----
Dodging        | 3 4 5 6 7 8 9 10 11 | 11.7
Fighting       | 4 5 6 7 8 10 11 12 13 | 13.8
Invocations    | 1 2 3 4 6 7 9 10 12 13 | 13.3
Unarmed Combat | 4 5 6 7 9 10 11 12 | 12.7
Evocations     | 4 |  4.3

Action                     |  1- 3 |  4- 6 |  7- 9 | 10-12 | 13-15 || total
---------------------------+-------+-------+-------+-------+-------++-------
  Melee: Unarmed           |    91 |   165 |   173 |   592 |   343 ||  1364
         Tailslap          |    13 |    28 |    48 |   126 |    78 ||   293
         Punch             |       |       |       |       |    15 ||    15
         Demon whip        |       |       |       |       |    10 ||    10
 Invoke: Slouch            |       |     1 |       |     8 |     5 ||    14
         Step From Time    |       |       |       |       |     1 ||     1
Ability: Breathe Noxious F |       |       |    17 |    44 |    16 ||    77
  Evoke: Wand              |       |       |     2 |     8 |       ||    10
    Use: Scroll            |     2 |     4 |     2 |    14 |     2 ||    24
         Potion            |       |       |       |     2 |     1 ||     3
   Stab: Sleeping          |       |     2 |       |       |       ||     2
         Confused          |       |       |    13 |    47 |    12 ||    72
         Paralysed         |       |       |       |     3 |       ||     3
 Armour: Skin              |    26 |    55 |    50 |   116 |    90 ||   337
  Dodge: Dodged            |    51 |   118 |   129 |   544 |   377 ||  1219

Table legend: (Time is in decaauts)
 A = Elapsed time spent in this place.
 B = Non-inter-level travel time spent in this place.
 C = Inter-level travel time spent in this place.
 D = Time resting spent in this place.
 E = Time spent auto-exploring this place.
 F = Levels seen in this place.
 G = Mean time per level.
                   A        B        C        D        E       F      G
               +--------+--------+--------+--------+--------+-----+--------+
         Total |  27836 |  26389 |   1447 |   3161 |  18634 |  16 | 1739.8 |
       Dungeon |  15610 |  14792 |    818 |    314 |  12595 |  10 | 1561.0 |
          Lair |   9642 |   9014 |    628 |    961 |   6038 |   5 | 1928.4 |
      Ice Cave |   2583 |   2583 |      0 |   1885 |      0 |   1 | 2583.0 |
               +--------+--------+--------+--------+--------+-----+--------+

Top non-repeatable levels by time:
   IceCv: 2583 daAuts
  Lair:4: 2582 daAuts
     D:9: 2120 daAuts
     D:3: 2113 daAuts
  Lair:1: 2074 daAuts
    D:10: 2011 daAuts
  Lair:2: 1982 daAuts
     D:8: 1863 daAuts
     D:2: 1751 daAuts
  Lair:5: 1562 daAuts
  Lair:3: 1441 daAuts
     D:4: 1439 daAuts
     D:6: 1382 daAuts
     D:1: 1077 daAuts
     D:5: 993 daAuts
